 Dungeon Crawl Stone Soup version 0.31-a0-1540-g5a0b83f448 (webtiles) character file.

Game seed: 495995896290151455

56 Curundu the Slasher (level 3, -1/34 HPs)
             Began as a Minotaur Berserker on Jan 1, 2024.
             Was a Believer of Trog.
             Succumbed to an adder's poison
             ... on level 2 of the Dungeon.
             The game lasted 00:03:55 (947 turns).

Curundu the Slasher (Minotaur Berserker)             Turns: 947, Time: 00:03:56

Health: -1/34      AC:  2    Str: 23    XL:     3   Next: 69%
Magic:  2/2        EV: 12    Int:  4    God:    Trog [**....]
Gold:   79         SH:  0    Dex:  9    Spells: 2/2 levels left

rFire   . . .        a - +0 falchion
rCold   . . .        (no shield)
rNeg    . . .        b - +0 animal skin
rPois   .            (helmet restricted)
rElec   .            (no cloak)
rCorr   .            (no gloves)
SInv    .            (no boots)
Will    .....        e - amulet of the acrobat
Stlth   +            (no ring)
HPRegen 0.25/turn    (no ring)
MPRegen 0.08/turn

%: acrobat
@: lethally poisoned (-1 -> -8)
A: horns 2, retaliatory headbutt
a: Renounce Religion, Berserk, Trog's Hand


You were on level 2 of the Dungeon.
You worshipped Trog.
Trog was pleased with you.
You visited 1 branch of the dungeon, and saw 2 of its levels.

You collected 79 gold pieces.

Inventory:

Hand Weapons
 a - a +0 falchion (weapon)
Armour
 b - a +0 animal skin (worn)
Jewellery
 e - an amulet of the acrobat (around neck)
Scrolls
 c - 3 scrolls of identify {unknown}
 d - a scroll of immolation {unknown}
 f - a scroll of teleportation {unknown}
Potions
 g - a potion of magic {unknown}


   Skills:
 + Level 4.4 Fighting
 + Level 4.6 Long Blades
 + Level 2.6 Armour
 + Level 2.8 Dodging


You had 2 spell levels left.
You didn't know any spells.
Your spell library was empty.

Dungeon Overview and Level Annotations

Branches:
Dungeon (2/15)

Altars:


Innate Abilities, Weirdness & Mutations

You have a pair of horns on your head.
You reflexively headbutt those who attack you in melee.


Message History

The web tears apart.
You feel sick. The adder closely misses you.
The ribbon worm bites you but does no damage.
You hit the adder.
The adder is heavily wounded.
You feel sick. The adder barely misses you.
The ribbon worm expels a string of sticky webbing.
The stream of webbing misses you.
You miss the adder.
The adder is heavily wounded.
You feel sick. The adder bites you.
* * * LOW HITPOINT WARNING * * *
You are more poisoned.
The adder poisons you! The adder barely misses you.
You miss the adder. Your headbutt misses the adder.
The adder is heavily wounded.
* * * LOW HITPOINT WARNING * * *
You feel sick.
The ribbon worm expels a string of sticky webbing.
The stream of webbing misses you. The adder closely misses you.
You furiously retaliate!
You headbutt the adder. You barely miss the adder.
The adder is heavily wounded.
* * * LOW HITPOINT WARNING * * *
You feel sick. The adder closely misses you. The ribbon worm barely misses you.
You furiously retaliate!
You headbutt the ribbon worm! You barely miss the adder.
Your headbutt misses the adder.
The adder is heavily wounded.
You feel sick. The adder closely misses you. The ribbon worm misses you.
You furiously retaliate!
You headbutt the ribbon worm. The adder bites you.
* * * LOW HITPOINT WARNING * * *
You are more poisoned.
The adder poisons you!
You barely miss the adder. Your headbutt misses the adder.
The adder is heavily wounded.
* * * LOW HITPOINT WARNING * * *
You feel sick. The adder barely misses you. The ribbon worm barely misses you.
You hit the adder. You punch the adder.
You kill the adder!
Trog accepts your kill.
You die...

#.#.#.#.#.#.###.....#
#.#...#.#.#.#.......+
#.###.#.#.#.#.......#
#.....#.... #...#####
#########+###..(#
.........#######
........?......#
...............#
.......@.......#
......w........#
.......#########
....... ##...## ###.
#


You could see a ribbon worm.

Vanquished Creatures
  2 adders (D:2)
  A gnoll (D:1)
  4 bats (D:1)
  3 endoplasms (D:1)
  2 giant cockroaches
  2 goblins
  6 hobgoblins (D:1)
  3 kobolds (D:1)
  5 ball pythons (D:1)
  A frilled lizard (D:1)
  5 rats
34 creatures vanquished.

Notes
Turn   | Place    | Note
-------+----------+-------------------------------------------
     0 | D:1      | Curundu the Minotaur Berserker began the quest for the Orb.
     0 | D:1      | Reached XP level 1. HP: 19/19 MP: 0/0
    66 | D:1      | Reached XP level 2. HP: 27/27 MP: 1/1
   232 | D:1      | Reached XP level 3. HP: 30/33 MP: 2/2
   627 | D:1      | Reached ** piety under Trog
   946 | D:2      | HP: 1/34 [poisoned by an adder]
   947 | D:2      | Succumbed to an adder's poison

Illustrated notes

Levels and vault maps discovered:
D:1:      roderic_octagonal_star, layout_basic, hangedman_glass_teeth
D:2:      layout_basic

Skill      XL: |  1  2 |
---------------+-------+-----
Fighting       | 4 |  4.4
Long Blades    | 4 |  4.6
Armour         | |  2.6
Dodging        | |  2.8

Action                     || total
---------------------------++-------
  Melee: Falchion          ||    81
         Headbutt          ||     7
         Punch             ||     2
 Armour: Animal skin       ||    51
  Dodge: Dodged            ||    76

Table legend: (Time is in decaauts)
 A = Elapsed time spent in this place.
 B = Non-inter-level travel time spent in this place.
 C = Inter-level travel time spent in this place.
 D = Time resting spent in this place.
 E = Time spent auto-exploring this place.
 F = Levels seen in this place.
 G = Mean time per level.
                   A        B        C        D        E       F      G
               +--------+--------+--------+--------+--------+-----+--------+
         Total |    953 |    948 |      5 |      0 |    662 |   2 |  476.5 |
       Dungeon |    953 |    948 |      5 |      0 |    662 |   2 |  476.5 |
               +--------+--------+--------+--------+--------+-----+--------+

Top non-repeatable levels by time:
     D:1: 872 daAuts
     D:2: 80 daAuts
